Elvira, chaotic female vampiric Wizard ------------ ....... |..........-# ......@. |..........|# .%...... |..........|# .... --|---------# -.- ## # # # # ### ### # # # # ####### # # ---------.--- # # |[..........| # # |...........| [ ###|...........| --.--------- #..........`.| |..........| |...........| ...........| |...........| |.........<| ------------- ------------ Elvira the Thaumaturge Experience level: 6 Strength: 4 Dexterity: 12 Constitution: 13 Intelligence: 18 Wisdom: 12 Charisma: 9 Health: 58(58) Energy: 87(87) AC: 8 Gold: 181 Moves: 1453 Your Inventory: Coins $ - 181 gold pieces Weapons a - a blessed +1 quarterstaff (weapon in hands) Armor b - an uncursed +0 cloak of magic resistance (being worn) q - an [uncursed] +0 pair of low boots (being worn) r - a cursed -1 pair of riding gloves [gauntlets of fumbling] (being worn) Comestibles o - an uncursed candy bar s - 4 [uncursed] food rations Scrolls i - 2 blessed scrolls of magic mapping j - 2 uncursed scrolls of teleportation Spellbooks k - a blessed spellbook of force bolt l - an uncursed spellbook of detect monsters Potions f - an uncursed potion of blindness g - an uncursed potion of extra healing h - 2 uncursed potions of invisibility n - a blessed potion of hallucination Rings d - an uncursed ring of protection from shape changers e - an uncursed +1 ring of gain dexterity Wands c - an uncursed wand of lightning (0:4) t - an [uncursed] chrome wand [of secret door detection (0:13)] Tools m - an uncursed magic marker (0:45) Spells known in the end: Name Level Category Fail Memory a - force bolt 1 attack 0% [||||||||] b - detect monsters 1 divination 0% [||||||||] Your skills at the end: Fighting Skills Weapon Skills quarterstaff [Basic / Expert] Spellcasting Skills attack spells [Basic / Expert] enchantment spells [Basic / Skilled] Final Attributes: You were devoutly aligned. Hunger level was -462. Your alignment was 16 / 17. Monster difficulty range was 0 - 5. Level difficulty was 5. You were immune to level-drain. You were magic-protected. You fumbled. You could fly. You could survive without air. You regenerated. You were unlucky (-3). Anhur was angry with you (1). You are dead. Vanquished creatures: 6 water moccasins a kobold mummy a floating eye a kitten a kobold lord a werejackal an iguana a gas spore a large kobold a gecko 4 jackals 2 lichens a kobold zombie 5 newts 27 creatures vanquished. Voluntary challenges: You used a wielded weapon 19 times. You read items or engraved 3 times. You put on armor 4 times. You never genocided any monsters. You never polymorphed an object. You never changed form. You used no wishes. You wrote Elbereth's name 2 times. You never encountered a bones level. You never used any Sokoban shortcuts. Dungeon overview: The Dungeons of Doom: levels 1 to 5 Level 1 a long staircase Level 3 an armor shop Level 4 a fountain a long staircase Level 5 <- You were here History has recorded: On T:1 you entered the Dungeons of Doom to retrieve the Amulet of Yendor! On T:190 you reached level 2 of The Dungeons of Doom. On T:316 you advanced to experience level 2. On T:316 you advanced to experience level 3. On T:322 you advanced to experience level 4. On T:329 you advanced to experience level 5. On T:451 you reached level 3 of The Dungeons of Doom. On T:708 you reached level 4 of The Dungeons of Doom. On T:914 you reached level 5 of The Dungeons of Doom. On T:954 you advanced to experience level 6. Latest messages: You feed on the lifeblood. The floating eye suddenly seems weaker! The floating eye dies! You see here a floating eye corpse. You trip over it. You make a lot of noise! [2 turns] You drain the blood from the floating eye corpse. You faint from lack of food. You can move again. [40 turns] You faint from lack of food. You regain consciousness. [45 turns] You faint from lack of food. You regain consciousness. [49 turns] You begin praying to Anhur. You finish your prayer. You feel that Anhur is displeased. [3 turns] You faint from lack of food. You die from starvation. Final status: Goodbye Elvira the Wizard... You starved in The Dungeons of Doom on dungeon level 5 with 1357 points, and 181 pieces of gold, after 1453 moves. You were level 6 with a maximum of 58 hit points when you starved.